[Event "Titled Tuesday Blitz August 17 2021"]
[White "Mirzoev, Azer"]
[Black "Sengupta, Deep"]
[WhiteFideId "13400304"]
[BlackFideId "5008352"]
[WhiteElo "2525"]
[BlackElo "2347"]
[Result "1-0"]
[Round "06"]
[TimeControl "180+1"]
[Date "2021.08.17"]
[WhiteClock "0:00:24"]
[BlackClock "0:00:05"]

1. d4 e6 2. Nf3 b6 3. Bf4 Bb7 4. e3 f5 5. h3 Nf6 6. Bh2 g6 7. Be2 Bg7 8. O-O O-O 9. c4 d6 10. Nc3 Nbd7 11. Rc1 Qe7 12. Nb5 Rfc8 13. b4 Ne4 14. Nd2 a6 15. Nc3 Nxc3 16. Rxc3 a5 17. a3 axb4 18. axb4 c5 19. bxc5 dxc5 20. Nf3 Be4 21. Rb3 cxd4 22. exd4 Ra3 23. Rxa3 Qxa3 24. Ng5 Nf8 25. Nxe4 fxe4 26. d5 e3 27. fxe3 Qxe3+ 28. Kh1 Be5 29. Bg1 Qg3 30. Rf3 Qh4 31. dxe6 Rd8 32. Qb3 Qe7 33. Bxb6 Rd2 34. Qe3 Rb2 35. Qxe5 Rxb6 36. c5 Rc6 37. Bc4 Nxe6 38. Rf6 Rxc5 39. Bxe6+ Kg7 40. Rf7+ Kh6 41. Qf4+ Qg5 42. Qxg5+ Rxg5 43. Bg4 1-0


[Site "https://www.chess.com"]

[Event "Titled Tuesday Blitz August 17 2021"]
[White "Molina, Roberto Junio Brito"]
[Black "Fernandez Hernandez, Arturo A."]
[WhiteFideId "2109450"]
[BlackFideId "3509230"]
[WhiteElo "2402"]
[BlackElo "2400"]
[Result "1/2-1/2"]
[Round "06"]
[TimeControl "180+1"]
[Date "2021.08.17"]
[WhiteClock "0:00:52"]
[BlackClock "0:00:37"]

1. d4 Nf6 2. c4 c5 3. d5 e6 4. Nc3 exd5 5. cxd5 d6 6. e4 g6 7. h3 Bg7 8. Nf3 O-O 9. Bd3 b5 10. Bxb5 Nxe4 11. Nxe4 Qa5+ 12. Nfd2 Qxb5 13. Nxd6 Qa6 14. N2c4 Nd7 15. O-O Ne5 16. Nxc8 Raxc8 17. Nxe5 Bxe5 18. Re1 Qf6 19. Rb1 Rfd8 20. b3 Bd4 21. Be3 Rxd5 22. Bxd4 cxd4 23. Rc1 Rxc1 24. Qxc1 d3 25. Rd1 a5 26. Qc4 Qd6 27. Rd2 h5 28. g3 Kh7 29. h4 Kg7 30. Qc3+ Kg8 31. Qc8+ Kh7 32. Qc4 Qd7 33. Qe4 Rd4 34. Qe3 Qd5 35. f3 Qd6 36. Kf2 Kg7 37. Qg5 Rd5 38. Qe3 Qd7 39. Qe4 Qd6 40. Qe3 Kh7 41. Kg2 Qd7 42. Qe4 Rd4 43. Qe3 Qd6 44. Kf2 Rd5 45. Kg2 Qd7 46. Qe4 Rd4 47. Qe3 Rd5 1/2-1/2


[Site "https://www.chess.com"]

[Event "Titled Tuesday Blitz August 17 2021"]
[White "Moreira, Ronaldo Alonso"]
[Black "Zhuravleva, Olga"]
[WhiteFideId "2110547"]
[BlackFideId "4145933"]
[WhiteElo "2037"]
[BlackElo "2119"]
[Result "0-1"]
[Round "06"]
[TimeControl "180+1"]
[Date "2021.08.18"]
[WhiteClock "0:00:03"]
[BlackClock "0:00:18"]

1. d4 Nf6 2. c4 e6 3. Nc3 Bb4 4. Bd2 O-O 5. e3 b6 6. Nf3 Ba6 7. Be2 d5 8. cxd5 Bxe2 9. Nxe2 Bxd2+ 10. Qxd2 exd5 11. O-O Nbd7 12. Rac1 c5 13. dxc5 bxc5 14. Nf4 Nb6 15. Rxc5 Ne4 16. Qc2 Nxc5 17. Qxc5 Rc8 18. Qd4 Rc4 19. Qd3 h6 20. Rd1 Qd6 21. h3 Rd8 22. Nd4 Qc5 23. Nf5 Rc1 24. Nh5 Rxd1+ 25. Qxd1 Qc4 26. b3 Qe4 27. Nxh6+ Kf8 28. Ng4 d4 29. f3 Qf5 30. Ng3 Qd5 31. e4 Qc5 32. Qd2 d3+ 33. Kh2 Nc8 34. Nf5 Ne7 35. Nfe3 Ng6 36. Nd5 Qc2 37. Qg5 Re8 38. h4 d2 39. Nge3 d1=Q 40. Nxc2 Qxc2 41. h5 Ne5 42. h6 Nxf3+ 43. Kg3 Nxg5 44. h7 Nxh7 0-1


[Site "https://www.chess.com"]

[Event "Titled Tuesday Blitz August 17 2021"]
[White "Musovic, Armin"]
[Black "Richter, Nils"]
[WhiteFideId "939935"]
[BlackFideId "12990809"]
[WhiteElo "2250"]
[BlackElo "2289"]
[Result "0-1"]
[Round "06"]
[TimeControl "180+1"]
[Date "2021.08.18"]
[WhiteClock "0:00:16"]
[BlackClock "0:00:34"]

1. a3 a5 2. Nc3 Nc6 3. e4 e5 4. Nf3 Bc5 5. Nxe5 Bxf2+ 6. Kxf2 Nxe5 7. d4 Ng6 8. h4 Nxh4 9. Qh5 Ng6 10. Bg5 Nf6 11. Qf3 d6 12. Kg1 c6 13. Re1 a4 14. Bd3 Ra5 15. e5 dxe5 16. Bxg6 fxg6 17. dxe5 O-O 18. exf6 Rxg5 19. Ne4 Rf5 20. Qd3 Qxd3 21. cxd3 gxf6 22. Nd6 Rd5 23. Nxc8 Rxc8 24. Re7 Rh5 25. Rxh5 gxh5 26. Rxb7 Rd8 27. Ra7 Rd4 28. Kh2 c5 29. Ra5 Kg7 30. Rxc5 Rxd3 31. Rc4 Rb3 32. Rxa4 Rxb2 33. Ra7+ Kg6 34. Ra8 Ra2 35. Kg3 Kf5 36. Kf3 h4 37. Ra5+ Kg6 38. Ra4 Kg5 39. Ra7 h5 40. Ra5+ f5 41. Ra6 Rb2 42. Ra8 Rb3+ 43. Kf2 Kg4 44. Rg8+ Kf4 45. Ra8 Rb2+ 46. Kf1 Ra2 47. Kg1 h3 48. gxh3 h4 49. a4 Kg3 50. Kf1 Ra1+ 51. Ke2 Kxh3 52. Kf3 Rf1+ 53. Ke2 Rf4 54. Ke3 Kg3 55. Rg8+ Rg4 56. Rf8 f4+ 57. Ke2 h3 58. Rh8 h2 59. a5 Rh4 60. Rg8+ Kh3 61. a6 h1=Q 62. a7 Qe4+ 63. Kf2 Qe3+ 64. Kf1 Qxa7 65. Rg3+ Kxg3 0-1


[Site "https://www.chess.com"]

[Event "Titled Tuesday Blitz August 17 2021"]
[White "Nakamura, Hikaru"]
[Black "AlexOstrovskiy"]
[WhiteFideId "2016192"]
[WhiteElo "2900"]
[BlackElo "2848"]
[Result "1-0"]
[Round "06"]
[TimeControl "180+1"]
[Date "2021.08.17"]
[WhiteClock "0:01:51"]
[BlackClock "0:00:17"]

1. Nf3 d5 2. e3 Nf6 3. c4 e6 4. Nc3 a6 5. cxd5 exd5 6. d4 Bd6 7. Bd3 O-O 8. Ne5 b6 9. O-O Bb7 10. Bd2 Re8 11. f4 Nbd7 12. Be1 c5 13. Bh4 b5 14. Nxd7 Qxd7 15. Bxf6 gxf6 16. Qh5 Re4 17. Bxe4 dxe4 18. dxc5 Bf8 19. Rad1 Qe6 20. b4 f5 21. Qg5+ Kh8 22. Ne2 Be7 23. Qh5 Rg8 24. Nd4 Qxa2 25. Rf2 Qa3 26. Nxf5 Bf8 27. Qxf7 1-0


[Site "https://www.chess.com"]

[Event "Titled Tuesday Blitz August 17 2021"]
[White "Navalgund, Niranjan"]
[Black "Dev, Shah"]
[WhiteFideId "5030854"]
[BlackFideId "35019058"]
[WhiteElo "2290"]
[BlackElo "2098"]
[Result "0-1"]
[Round "06"]
[TimeControl "180+1"]
[Date "2021.08.17"]
[WhiteClock "0:02:37"]
[BlackClock "0:02:01"]

1. Nf3 d5 2. g3 Nf6 3. Bg2 c6 4. O-O Bg4 5. d3 Nbd7 6. h3 Bxf3 7. exf3 e6 8. f4 Bd6 9. Nd2 O-O 10. Nf3 e5 11. Re1 exf4 12. gxf4 Qc7 13. f5 Rae8 14. Bg5 Bf4 15. Bh4 Rxe1+ 16. Qxe1 Re8 17. Qc3 Qd6 18. Re1 Rxe1+ 19. Qxe1 h6 20. Qe8+ Nxe8 0-1


[Site "https://www.chess.com"]

[Event "Titled Tuesday Blitz August 17 2021"]
[White "Nazaretyan, Tigran"]
[Black "Shafigullina, Zarina"]
[WhiteFideId "24162345"]
[BlackFideId "24174220"]
[WhiteElo "2167"]
[BlackElo "2087"]
[Result "1/2-1/2"]
[Round "06"]
[TimeControl "180+1"]
[Date "2021.08.18"]
[WhiteClock "0:00:21"]
[BlackClock "0:00:05"]

1. d4 Nf6 2. c4 e6 3. Nf3 b6 4. a3 Bb7 5. Nc3 d5 6. cxd5 Nxd5 7. e3 Be7 8. Bb5+ Nd7 9. Nxd5 Bxd5 10. Ne5 c6 11. Bxc6 Bxc6 12. Nxc6 Qc7 13. Nxe7 Kxe7 14. O-O Rac8 15. e4 Qc2 16. Qf3 Nf6 17. Bg5 h6 18. Bxf6+ gxf6 19. e5 f5 20. b4 Rhd8 21. Rad1 Rc3 22. Qh5 Rxa3 23. Rc1 Qe4 24. Qxh6 Qb7 25. Qh4+ Ke8 26. Rc4 b5 27. Rc5 Rd3 28. Qh8+ Ke7 29. Qf6+ Ke8 30. h4 R3xd4 31. h5 Rxb4 32. h6 Qe7 33. Qxe7+ Kxe7 34. Rc7+ Kf8 35. Rxa7 Re4 36. f4 b4 37. Rf3 Kg8 38. Rh3 Rf8 39. h7+ Kh8 40. g3 b3 41. Rb7 Re3 42. Kf2 Rc3 43. Rh1 Rc2+ 44. Kf3 b2 45. Rb1 Rc3+ 46. Kg2 Rc2+ 47. Kh3 Kxh7 48. R1xb2 Rc3 49. R2b3 Rc1 50. Kh4 Kg6 51. Kh3 Rc2 52. g4 Rh8+ 53. Kg3 fxg4 54. Kxg4 Rg2+ 55. Rg3 Rxg3+ 56. Kxg3 Rh1 57. Kf3 Rh5 58. Kg4 Rh1 59. Rb8 Rg1+ 60. Kf3 Rf1+ 61. Ke3 Rc1 62. Rg8+ Kh7 63. Rf8 Kg7 64. Rb8 Re1+ 65. Kf3 Rf1+ 66. Kg3 Rg1+ 67. Kf2 Rh1 68. Rb7 Rh2+ 69. Kg3 Rh6 70. Kg4 Rg6+ 71. Kf3 Rh6 72. Rb6 Rg6 73. Rb2 Rh6 74. Rg2+ Kf8 75. Ke4 Ke7 76. Ra2 Rh4 77. Ra7+ Kf8 78. Kf3 Rh3+ 79. Kg4 Rh6 80. Kg5 Rg6+ 81. Kh5 Kg7 82. Ra3 Rh6+ 83. Kg5 Rg6+ 84. Kh4 Rh6+ 85. Kg4 Rg6+ 86. Kf3 Rh6 87. Ke4 Rh4 88. Rg3+ Kf8 89. Kf3 Rh2 90. Kg4 Rh6 91. Kg5 Rg6+ 92. Kh4 Rh6+ 93. Kg4 Rg6+ 94. Kf3 Rh6 95. f5 exf5 96. Kf4 Ke7 97. Kxf5 Rh5+ 98. Rg5 Rxg5+ 99. Kxg5 Ke6 100. Kf4 f6 101. exf6 Kxf6 1/2-1/2


[Site "https://www.chess.com"]

[Event "Titled Tuesday Blitz August 17 2021"]
[White "Nemeth Junior, Henrique"]
[Black "Tregubov, Pavel V."]
[WhiteFideId "2118815"]
[BlackFideId "4115341"]
[WhiteElo "1976"]
[BlackElo "2423"]
[Result "0-1"]
[Round "06"]
[TimeControl "180+1"]
[Date "2021.08.17"]
[WhiteClock "0:01:04"]
[BlackClock "0:01:52"]

1. e4 e6 2. d4 d5 3. Nd2 c5 4. Ngf3 Nc6 5. exd5 exd5 6. dxc5 Bxc5 7. Nb3 Bb6 8. Bd3 Nf6 9. O-O O-O 10. Bg5 Bg4 11. h3 Bh5 12. g4 Bg6 13. Nh4 Qd6 14. Kg2 Be4+ 15. f3 Bc7 16. Rh1 Qg3+ 17. Kf1 Bb6 18. Qe1 Qe5 19. Bxf6 Qxf6 20. Bxe4 dxe4 21. Nf5 g6 22. Qxe4 gxf5 23. gxf5 Kh8 0-1


[Site "https://www.chess.com"]

[Event "Titled Tuesday Blitz August 17 2021"]
[White "Nguyen Hong Nhung"]
[Black "Mirzanurov, Bulat"]
[WhiteFideId "12412201"]
[BlackFideId "4184521"]
[WhiteElo "1661"]
[BlackElo "2208"]
[Result "0-1"]
[Round "06"]
[TimeControl "180+1"]
[Date "2021.08.18"]
[WhiteClock "0:00:10"]
[BlackClock "0:00:16"]

1. e4 c5 2. Nc3 d6 3. f4 g6 4. Nf3 Bg7 5. Bc4 Nc6 6. O-O e6 7. d3 Nge7 8. Qe1 O-O 9. f5 gxf5 10. Qh4 Nd4 11. Bh6 Ng6 12. Qh5 b5 13. Bxg7 Kxg7 14. Nxd4 bxc4 15. Nde2 cxd3 16. cxd3 fxe4 17. Nxe4 f5 18. Ng5 h6 19. Nh3 Qf6 20. Nhf4 Qg5 21. Qf3 Rb8 22. Nxg6 Qxg6 23. Nf4 Qg5 24. b3 e5 25. Nd5 Bb7 26. Rae1 Kh7 27. a3 Rf7 28. b4 cxb4 29. axb4 Rbf8 30. Ra1 a6 31. Rac1 e4 32. dxe4 f4 33. Qd3 Rg7 34. Kh1 Qxg2# 0-1


[Site "https://www.chess.com"]

[Event "Titled Tuesday Blitz August 17 2021"]
[White "Nitin, S."]
[Black "Prraneeth Vuppala"]
[WhiteFideId "5018277"]
[BlackFideId "46622373"]
[WhiteElo "2431"]
[BlackElo "1759"]
[Result "0-1"]
[Round "06"]
[TimeControl "180+1"]
[Date "2021.08.17"]
[WhiteClock "0:00:35"]
[BlackClock "0:00:11"]

1. Nf3 d5 2. g3 Nd7 3. Bg2 e5 4. O-O Ngf6 5. d3 Bc5 6. c3 O-O 7. d4 Bd6 8. dxe5 Nxe5 9. Nbd2 c6 10. Nxe5 Bxe5 11. Nf3 Bd6 12. Bg5 h6 13. Bc1 Re8 14. Qc2 Bd7 15. Rd1 Qc8 16. c4 Bf5 17. Qb3 Bc5 18. Bd2 Rxe2 19. Be1 Ne4 20. Nd4 Rxe1+ 21. Rxe1 Bxd4 22. Re2 Nxf2 23. Rxf2 Bxf2+ 24. Kxf2 dxc4 25. Qxc4 Qe6 26. Qc3 Rd8 27. Re1 Qd6 28. Re2 Qd4+ 29. Qxd4 Rxd4 30. a3 Be6 31. Ke3 Rd6 32. Be4 Kf8 33. h4 Ke7 34. Rf2 b6 35. Bc2 c5 36. b4 c4 37. Rf4 a5 38. Rf1 axb4 39. axb4 Rd5 40. Ra1 Rb5 41. Ra7+ Kd6 42. Ra4 Re5+ 43. Kd4 Re2 44. Be4 f5 45. Ba8 Rd2+ 46. Kc3 Rd3+ 47. Kc2 Rxg3 48. Ra6 Kc7 49. Bh1 g5 50. Ra7+ Kd6 51. Ra6 gxh4 52. Rxb6+ Ke5 53. b5 h3 54. Rb7 Rg1 55. Bc6 h2 56. Re7 Kd6 57. b6 Kxc6 58. b7 Rb1 59. b8=Q Rxb8 60. Rxe6+ Kd5 61. Rxh6 f4 62. Rxh2 Ke4 63. Kc3 Rc8 64. Rh3 f3 65. Rh7 Ke3 66. Re7+ Kf2 67. Kd2 c3+ 68. Kc2 Kg2 69. Rg7+ Kf1 70. Rf7 f2 71. Rg7 Rc5 72. Rf7 Ke2 73. Re7+ Kf3 74. Rf7+ Ke3 75. Re7+ Kf4 0-1


[Site "https://www.chess.com"]

[Event "Titled Tuesday Blitz August 17 2021"]
[White "Nogerbek, Kazybek"]
[Black "Manukyan, Sargis A."]
[WhiteFideId "13710427"]
[BlackFideId "13303970"]
[WhiteElo "2436"]
[BlackElo "2187"]
[Result "1-0"]
[Round "06"]
[TimeControl "180+1"]
[Date "2021.08.17"]
[WhiteClock "0:00:41"]
[BlackClock "0:00:01"]

1. d4 Nf6 2. c4 c5 3. d5 b5 4. cxb5 a6 5. e3 g6 6. a4 Bg7 7. Nc3 O-O 8. Ra3 d6 9. Nf3 Bf5 10. Bd3 Bxd3 11. Qxd3 axb5 12. Nxb5 Na6 13. Bd2 Qd7 14. O-O Qg4 15. Bc3 c4 16. Qe2 Nc5 17. h3 Qe4 18. Nd2 Qd3 19. Qd1 Qxd5 20. Nc7 Qc6 21. Nxa8 Rxa8 22. Nxc4 Nxa4 23. Bxf6 Bxf6 24. b3 Nc5 25. Rxa8+ Qxa8 26. b4 Ne6 27. Na5 h5 28. Qc2 Qa6 29. Rb1 Qb5 30. Qc4 Qf5 31. Rc1 Ng5 32. Nc6 Ne4 33. Qc2 Be5 34. Nxe7+ 1-0


[Site "https://www.chess.com"]

[Event "Titled Tuesday Blitz August 17 2021"]
[White "Nozdrachev, Leonid"]
[Black "Tsaruk, Maksim"]
[WhiteFideId "24113433"]
[BlackFideId "13511173"]
[WhiteElo "2240"]
[BlackElo "2184"]
[Result "1-0"]
[Round "06"]
[TimeControl "180+1"]
[Date "2021.08.17"]
[WhiteClock "0:00:07"]
[BlackClock "0:00:05"]

1. e4 Nf6 2. e5 Nd5 3. d4 d6 4. Nf3 Bg4 5. Be2 Nc6 6. h3 Bxf3 7. Bxf3 dxe5 8. c4 Nb6 9. c5 Nd7 10. Bxc6 bxc6 11. Qa4 exd4 12. Qxc6 e5 13. b4 Be7 14. f4 O-O 15. O-O a5 16. Bd2 axb4 17. Bxb4 Rb8 18. a3 exf4 19. Rxf4 Bg5 20. Re4 Be3+ 21. Kh1 Nf6 22. Re5 d3 23. Rxe3 Qd4 24. Rg3 Qxa1 25. Kh2 Nh5 26. Rg5 Qxb1 27. Qe4 Nf6 28. Rxg7+ Kxg7 29. Bc3 Rb6 30. cxb6 Qxb6 31. Qg4+ Kh8 32. Qg5 Qd6+ 33. Kh1 d2 34. Bxf6+ Qxf6 35. Qxf6+ Kg8 36. Qg5+ Kh8 37. Qxd2 Ra8 38. Qd4+ Kg8 39. Qg4+ Kf8 40. Qb4+ Kg8 41. Kh2 1-0


[Site "https://www.chess.com"]

[Event "Titled Tuesday Blitz August 17 2021"]
[White "Obregon, Andres Carlos"]
[Black "Taichman, Ori"]
[WhiteFideId "111724"]
[BlackFideId "2804069"]
[WhiteElo "2572"]
[BlackElo "2227"]
[Result "0-1"]
[Round "06"]
[TimeControl "180+1"]
[Date "2021.08.17"]
[WhiteClock "0:00:43"]
[BlackClock "0:00:15"]

1. d4 Nf6 2. Nf3 g6 3. Bg5 Bg7 4. Nbd2 O-O 5. e4 d5 6. e5 Ne4 7. Bh4 c5 8. c3 Nc6 9. dxc5 Nxc5 10. Bg3 Ne4 11. Nxe4 dxe4 12. Qxd8 Rxd8 13. Ng5 Bf5 14. e6 f6 15. Nf7 Rd5 16. Bf4 Bxe6 17. Nh6+ Kf8 18. h4 Rh5 19. Be2 Bxh6 20. Bxh5 Bxf4 21. Be2 e3 22. g3 exf2+ 23. Kxf2 Bc7 24. Rhd1 Bb6+ 25. Kg2 Rd8 26. Bf3 Ke8 27. b3 h5 28. Be4 f5 29. Bf3 Bf7 30. Rxd8+ Kxd8 31. Re1 Bc7 32. Rd1+ Kc8 33. Rd2 e5 34. Bd5 Bxd5+ 35. Rxd5 e4 36. b4 a6 37. a4 Ne7 38. Rd1 Be5 39. c4 Kc7 40. c5 Bc3 41. b5 axb5 42. axb5 Bb4 43. b6+ Kc6 44. Rd6+ Kxc5 45. Re6 Kb5 46. Kf2 Bc5+ 47. Ke2 f4 48. gxf4 Nd5 49. Re5 Nxf4+ 50. Kd2 e3+ 51. Kc3 Kxb6 52. Kc4 e2 53. Kc3 e1=Q+ 54. Rxe1 Bb4+ 0-1


[Site "https://www.chess.com"]

[Event "Titled Tuesday Blitz August 17 2021"]
[White "Omariev, Maksim"]
[Black "Quirke, Jeffrey"]
[WhiteFideId "4193423"]
[BlackFideId "2013029"]
[WhiteElo "2396"]
[BlackElo "2218"]
[Result "0-1"]
[Round "06"]
[TimeControl "180+1"]
[Date "2021.08.18"]
[WhiteClock "0:00:02"]
[BlackClock "0:00:23"]

1. g4 e5 2. Bg2 Ne7 3. c4 Ng6 4. Nc3 Nh4 5. Be4 d6 6. e3 Be7 7. h3 O-O 8. Nf3 c6 9. b3 Na6 10. Ba3 Be6 11. Nxh4 Bxh4 12. Qc2 h6 13. O-O-O Bxf2 14. Kb1 Bh4 15. d4 exd4 16. Rxd4 Be7 17. Rhd1 Qc7 18. Bxd6 Bxd6 19. Rxd6 Rad8 20. Bh7+ Kh8 21. Ne4 Rxd6 22. Nxd6 g6 23. Bxg6 fxg6 24. Qxg6 Qh7 25. Qxh7+ Kxh7 26. Nxb7 Rf3 27. Nd8 Bc8 28. Nxc6 Rxh3 29. Nxa7 Bxg4 30. Rd6 Nc5 31. Rd5 Ne4 32. Kb2 h5 33. c5 Rh2+ 34. Ka3 Rc2 35. Kb4 h4 36. a4 h3 0-1


[Site "https://www.chess.com"]

[Event "Titled Tuesday Blitz August 17 2021"]
[White "Onyshchuk, Volodymyr"]
[Black "Bologan, Victor"]
[WhiteFideId "14114038"]
[BlackFideId "13900048"]
[WhiteElo "2603"]
[BlackElo "2511"]
[Result "1-0"]
[Round "06"]
[TimeControl "180+1"]
[Date "2021.08.17"]
[WhiteClock "0:00:04"]
[BlackClock "0:00:01"]

1. e4 c5 2. Ne2 Nf6 3. Nbc3 d6 4. g3 g6 5. Bg2 Bg7 6. d4 cxd4 7. Nxd4 O-O 8. h3 Bd7 9. O-O Nc6 10. Nb3 Rb8 11. a4 a6 12. Re1 b5 13. axb5 axb5 14. Nd5 b4 15. Be3 Nxd5 16. exd5 Ne5 17. Bd4 g5 18. Ra7 Bf5 19. Na5 Qc8 20. Bxe5 Bxe5 21. Nc6 Bf6 22. g4 Bg6 23. Rexe7 Ra8 24. Rad7 Bxb2 25. Qd2 Qa6 26. Qxg5 Qa1+ 27. Kh2 Bf6 28. Qf4 Ra2 29. Re1 Qc3 30. Re3 Qa1 31. Rxd6 Bg7 32. Nxb4 Rb2 33. Nc6 Rxc2 34. h4 Qb2 35. Kg3 h6 36. h5 Bh7 37. Rxh6 Bxh6 38. Qxh6 Qg7 39. Qf4 Rc3 40. d6 Rxe3+ 41. Qxe3 f5 42. Ne7+ Kh8 43. Qf4 fxg4 44. h6 Qf6 45. Qxf6+ Rxf6 46. d7 Rd6 47. Bc6 Bg8 48. Kf4 Be6 49. Ke5 Rxd7 50. Bxd7 Bxd7 51. Kf6 Kh7 52. Kg5 Be6 53. Nc6 Bd5 54. Ne5 Bf3 55. Nxg4 1-0


[Site "https://www.chess.com"]

[Event "Titled Tuesday Blitz August 17 2021"]
[White "Papasimakopoulos, Alexandros"]
[Black "Thing, Bibek"]
[WhiteFideId "4244125"]
[BlackFideId "12303135"]
[WhiteElo "2352"]
[BlackElo "2000"]
[Result "0-1"]
[Round "06"]
[TimeControl "180+1"]
[Date "2021.08.17"]
[WhiteClock "0:00:49"]
[BlackClock "0:00:59"]

1. d4 Nf6 2. c4 g6 3. Nc3 d5 4. Nf3 Bg7 5. Qb3 dxc4 6. Qxc4 O-O 7. e4 a6 8. Be2 b5 9. Qb3 Bb7 10. e5 Nd5 11. O-O Nxc3 12. bxc3 e6 13. a4 Bd5 14. Qb1 c6 15. axb5 cxb5 16. Bxb5 axb5 17. Rxa8 Bxa8 18. Qxb5 Bxf3 19. gxf3 Qd5 20. Qd3 Nc6 21. f4 Na5 22. Ba3 Rc8 23. Rb1 Nc4 24. Be7 Bh6 25. Qg3 Nd2 26. Rc1 Nf3+ 27. Kf1 Nxd4 28. Qd3 Qh1# 0-1


[Site "https://www.chess.com"]

[Event "Titled Tuesday Blitz August 17 2021"]
[White "Paravyan, David"]
[Black "Esipenko, Andrey"]
[WhiteFideId "4194985"]
[BlackFideId "24175439"]
[WhiteElo "2562"]
[BlackElo "2595"]
[Result "1-0"]
[Round "06"]
[TimeControl "180+1"]
[Date "2021.08.17"]
[WhiteClock "0:00:06"]
[BlackClock "0:00:06"]

1. e4 e5 2. Nf3 Nc6 3. Nc3 Nf6 4. d4 exd4 5. Nxd4 Bb4 6. Nxc6 bxc6 7. Bd3 d5 8. exd5 O-O 9. O-O cxd5 10. h3 c6 11. Re1 Bd6 12. Bg5 h6 13. Bh4 Rb8 14. b3 Rb4 15. Bg3 Bxg3 16. fxg3 Qd6 17. Qf3 Bd7 18. Rad1 Re8 19. Rxe8+ Bxe8 20. Kh2 Bd7 21. Ne2 Rb8 22. Qf4 Qf8 23. Nd4 Re8 24. Qc7 c5 25. Nf3 Qe7 26. Qxa7 Qd6 27. Re1 Rxe1 28. Nxe1 Bc6 29. Qa6 g6 30. Nf3 Nh5 31. Qc8+ Kg7 32. Qg4 Bd7 33. Qh4 f5 34. b4 c4 35. Qd4+ Kh7 36. Bxc4 Qxg3+ 37. Kh1 Nf4 38. Bf1 Bb5 39. Qa7+ 1-0


[Site "https://www.chess.com"]

[Event "Titled Tuesday Blitz August 17 2021"]
[White "Pasquier, Thomas"]
[Black "Maksimovic, Bojan"]
[WhiteFideId "614815"]
[BlackFideId "14408120"]
[WhiteElo "2117"]
[BlackElo "2439"]
[Result "0-1"]
[Round "06"]
[TimeControl "180+1"]
[Date "2021.08.18"]
[WhiteClock "0:00:02"]
[BlackClock "0:00:51"]

1. c4 g6 2. g3 Bg7 3. Bg2 d6 4. Nc3 e5 5. e3 f5 6. Nge2 Nf6 7. Rb1 O-O 8. b4 Nc6 9. d4 e4 10. b5 Ne7 11. a4 c5 12. bxc6 bxc6 13. Ba3 Ba6 14. Qb3 Kh8 15. O-O Qd7 16. Na2 d5 17. cxd5 Bxe2 18. dxc6 Qc7 19. Rfc1 Bd3 20. Qb7 Rfc8 21. Bxe7 Bxb1 22. Rxb1 Qxc6 23. Qxc6 Rxc6 24. Bf1 Rc7 25. Bd6 Rd7 26. Bc5 a6 27. Rb6 Nd5 28. Rxa6 Rb8 29. Bb5 Rdb7 30. Kg2 Nc7 31. Ra5 Nxb5 32. axb5 Rxb5 33. Rxb5 Rxb5 34. Nb4 Kg8 35. Nd5 Kf7 36. h4 Rb7 37. Nf4 Bh6 38. Nd5 Ke6 39. Nc3 Rb3 40. Ne2 Kd5 41. Be7 Kc4 42. Bg5 Bf8 43. Bf4 Rb2 44. Ng1 Bb4 45. Nh3 Kd3 46. d5 Ke2 47. Bc7 Rd2 48. Be5 Ke1 49. d6 Rd1 50. Kg1 Bxd6 51. Bxd6 Rxd6 52. Kg2 Rd2 53. Kg1 h6 54. Kg2 g5 55. hxg5 hxg5 0-1


[Site "https://www.chess.com"]

[Event "Titled Tuesday Blitz August 17 2021"]
[White "Perez Gormaz, Matias"]
[Black "Plotnikov, Pavel"]
[WhiteFideId "3406342"]
[BlackFideId "4170342"]
[WhiteElo "2352"]
[BlackElo "2298"]
[Result "0-1"]
[Round "06"]
[TimeControl "180+1"]
[Date "2021.08.17"]
[WhiteClock "0:00:01"]
[BlackClock "0:01:07"]

1. e4 e5 2. Nf3 Nc6 3. Bc4 Bc5 4. c3 Nf6 5. d3 O-O 6. Nbd2 d6 7. h3 a5 8. Bb3 Be6 9. O-O Qd7 10. Re1 Bxh3 11. gxh3 Qxh3 12. Nf1 Ng4 13. d4 exd4 14. cxd4 Bb6 15. Ng3 Nce5 16. Be3 a4 17. Bc2 Nc4 18. Bc1 Nce5 19. Bf4 Bxd4 20. Be3 Bxe3 21. Rxe3 Nxe3 22. Qe2 Qg2# 0-1


[Site "https://www.chess.com"]

[Event "Titled Tuesday Blitz August 17 2021"]
[White "Perez Rodriguez, Luis Manuel"]
[Black "Moroni, Luca Jr"]
[WhiteFideId "3503364"]
[BlackFideId "865834"]
[WhiteElo "2429"]
[BlackElo "2491"]
[Result "0-1"]
[Round "06"]
[TimeControl "180+1"]
[Date "2021.08.17"]
[WhiteClock "0:00:02"]
[BlackClock "0:00:17"]

1. e4 g6 2. d4 Bg7 3. Nc3 d6 4. Be3 Nf6 5. Qd2 O-O 6. Nf3 d5 7. exd5 Nxd5 8. Nxd5 Qxd5 9. Be2 c5 10. c4 Qd6 11. O-O-O Qa6 12. Kb1 Nc6 13. a3 Rd8 14. d5 Bf5+ 15. Bd3 Qxc4 16. Bxf5 gxf5 17. Bh6 Qg4 18. h3 Qg6 19. Bxg7 Qxg7 20. Qf4 Nd4 21. Nxd4 cxd4 22. Qxf5 Rd6 23. Rhe1 Rad8 24. Rxe7 Rxd5 25. Qxd5 Rxd5 26. Re8+ Qf8 27. Rxf8+ Kxf8 28. Kc2 Rd6 29. Kd3 Rf6 30. f3 Rd6 31. Re1 h6 32. Re4 Rb6 33. b4 Ra6 34. Rxd4 Rxa3+ 35. Kc4 Ke7 36. Rh4 Ra2 37. g4 Rf2 38. Rxh6 Rxf3 39. Rh8 Kd7 40. Kb5 Kc7 41. Rh7 a6+ 42. Kc5 Rf4 0-1


[Site "https://www.chess.com"]

[Event "Titled Tuesday Blitz August 17 2021"]
[White "Pert, Richard G"]
[Black "Murzin, Volodar"]
[WhiteFideId "404748"]
[BlackFideId "44155573"]
[WhiteElo "2441"]
[BlackElo "2541"]
[Result "0-1"]
[Round "06"]
[TimeControl "180+1"]
[Date "2021.08.17"]
[WhiteClock "0:00:04"]
[BlackClock "0:00:39"]

1. d4 d5 2. c4 c6 3. Nc3 dxc4 4. e4 b5 5. a4 b4 6. Na2 Nf6 7. e5 Nd5 8. Bxc4 a5 9. Nf3 e6 10. Ng5 Ba6 11. b3 Be7 12. Qh5 Bxg5 13. Bxg5 Qd7 14. O-O Nb6 15. Bxa6 Nxa6 16. Rad1 Nd5 17. Rd3 c5 18. Rfd1 Rc8 19. h4 c4 20. bxc4 Rxc4 21. Nc1 Qxa4 22. Ne2 Qd7 23. Ng3 Nc3 24. R1d2 Nc7 25. Rf3 N7d5 26. Qg4 h6 27. Be3 g6 28. h5 g5 29. Bxg5 Rg8 30. Rf5 exf5 31. Nxf5 Rxg5 32. Ng7+ Kd8 33. Qh4 Qg4 34. Qh2 Ne2+ 35. Rxe2 Rc1+ 0-1


[Site "https://www.chess.com"]

[Event "Titled Tuesday Blitz August 17 2021"]
[White "Petrovskyi, Vadym"]
[Black "Espinosa Veloz, Ermes"]
[WhiteFideId "14165210"]
[BlackFideId "3507424"]
[WhiteElo "2334"]
[BlackElo "2333"]
[Result "0-1"]
[Round "06"]
[TimeControl "180+1"]
[Date "2021.08.17"]
[WhiteClock "0:00:56"]
[BlackClock "0:00:36"]

1. e4 e6 2. d4 d5 3. Nc3 Nf6 4. e5 Nfd7 5. f4 c5 6. Nf3 Nc6 7. Be3 Be7 8. Be2 a6 9. Qd2 b5 10. O-O O-O 11. Nd1 b4 12. Nf2 a5 13. g4 Ba6 14. Bxa6 Rxa6 15. c3 Nb6 16. b3 c4 17. f5 bxc3 18. Qxc3 f6 19. fxe6 Qc8 20. Rae1 f5 21. g5 Bb4 22. Qc1 Bxe1 23. Rxe1 f4 24. Bxf4 Qxe6 25. Kg2 Qf5 26. e6 Ne7 27. Nh3 Qg4+ 28. Kf2 Qxh3 29. Bg3 Raa8 30. Qa3 Qg4 31. Re3 Nf5 32. e7 Nxe3 33. exf8=Q+ Rxf8 34. Kxe3 Qxf3+ 35. Kd2 Qd3+ 36. Kc1 Rf1+ 37. Kb2 c3# 0-1


[Site "https://www.chess.com"]

[Event "Titled Tuesday Blitz August 17 2021"]
[White "Pires, Marcos Vinicius Torsani"]
[Black "Kett, Tim"]
[WhiteFideId "2118939"]
[BlackFideId "1801210"]
[WhiteElo "2273"]
[BlackElo "2098"]
[Result "1-0"]
[Round "06"]
[TimeControl "180+1"]
[Date "2021.08.18"]
[WhiteClock "0:00:19"]
[BlackClock "0:00:01"]

1. e4 e5 2. Nf3 Nc6 3. Nc3 Nf6 4. d4 exd4 5. Nxd4 Bb4 6. Nxc6 bxc6 7. Bd3 O-O 8. O-O d5 9. exd5 cxd5 10. h3 c6 11. Qf3 Bd6 12. Re1 Rb8 13. b3 Re8 14. Bf4 Bxf4 15. Qxf4 Be6 16. Ne2 c5 17. Ng3 Rb4 18. Qd2 Qd7 19. Rad1 h6 20. Re5 d4 21. Rde1 Nd5 22. Bf5 Rb6 23. Qa5 Qd6 24. Qd2 Ne3 25. Rxe6 fxe6 26. Bg6 Nxg2 27. Kxg2 Rf8 28. Re4 e5 29. Rg4 Qd8 30. Be4 Qf6 31. Nh5 Qe7 32. Rxg7+ Qxg7+ 33. Nxg7 Kxg7 34. Kh2 Rbf6 35. f3 1-0


[Site "https://www.chess.com"]